 Dungeon Crawl Stone Soup version 0.18.1-48-g4cf74bf (webtiles) character file.

88 TuxedoFelix the Covered (level 4, 0/40 HPs)
             Began as a Minotaur Fighter on July 25, 2016.
             Slain by Sigmund
             ... wielding a +3 scythe of flaming
              (5 damage)
             ... on level 2 of the Dungeon.
             The game lasted 00:09:08 (1279 turns).

TuxedoFelix the Covered (Minotaur Fighter)          Turns: 1279, Time: 00:09:09

Health: 0/40       AC:  7    Str: 26    XL:     4   Next: 29%
Magic:  3/3        EV:  8    Int:  5    God:
Gold:   71         SH: 10    Dex: 10    Spells: 0 memorised, 3 levels left

rFire  . . .     SeeInvis .     a - +0 long sword
rCold  . . .     Gourm    .     b - +0 scale mail
rNeg   . . .     Faith    .     c - +0 shield
rPois  .         Spirit   .     (helmet restricted)
rElec  .         Dismiss  .     (no cloak)
rCorr  .         Reflect  .     (no gloves)
SustAt .         Harm     .     (no boots)
MR     .....                    (no amulet)
Stlth  ..........               (no ring)
                                (no ring)

@: mighty, not resistant to hostile enchantments, extremely unstealthy
A: retaliatory headbutt, horns 2
a: no special abilities


You were on level 2 of the Dungeon.
You were not hungry.

You visited 1 branch of the dungeon, and saw 2 of its levels.

You collected 71 gold pieces.

Inventory:

Hand Weapons
 a - a +0 long sword (weapon)
Armour
 b - a +0 scale mail (worn)
 c - a +0 shield (worn)
 e - a cursed +0 large shield
Scrolls
 i - 2 scrolls of identify {unknown}
 j - a scroll of magic mapping {unknown}
 m - a scroll of remove curse {unknown}
Potions
 g - a potion of cure mutation {unknown}
 h - 2 potions of lignification {unknown}
 o - a potion of degeneration {unknown}
Comestibles
 f - a bread ration
 k - a slice of pizza
 l - a beef jerky
 n - 4 chunks of flesh


   Skills:
 - Level 3.9 Fighting
 * Level 3.2 Long Blades
 * Level 4.5 Armour
 + Level 1.3 Dodging
 * Level 4.4 Shields


You had 3 spell levels left.
You didn't know any spells.

Dungeon Overview and Level Annotations

Branches:
Dungeon (2/15)

Altars:
Gozag

Annotations:
D:2 Sigmund


Innate Abilities, Weirdness & Mutations

You reflexively headbutt those who attack you in melee.
You have a pair of horns on your head.


Message History

The goblin hits you but does no damage.
Your scale mail prevents you from hitting the goblin.
Something hits you. Something burns you. The goblin barely misses you.
You hit the goblin.
The goblin is moderately wounded.
You block something's attack. The goblin closely misses you.
You furiously retaliate!
You headbutt the goblin!
You kill the goblin!
Something hits you. Something burns you.
You see here a club.
Your shield and scale mail prevent you from hitting something.
Something hits you but does no damage.
You miss something. You headbutt something. Something hits you!
Something burns you.
You closely miss something. You headbutt something.
You feel very mighty all of a sudden. Something hits you!
* * * LOW HITPOINT WARNING * * *
Something burns you.
You die...

###..#.#.#.# #.###
. ###............
#
.##.........#####.
....#####...# #.#
##..#...#...# ...
#.. #.$.#..# #.###
#..#..r#...#.#
#....
#.#####.....# #..
#...@{..###.# #..
###...### .# #..
#...# . #.. ##(##
.# #.. #.. #.<
#### #.. #.. #..
...


There were no monsters in sight!

Vanquished Creatures
  Ijyb (D:2)
  An adder (D:2)
  An ooze (D:1)
  A dart slug (D:2)
  A worm (D:2)
  2 giant geckos (D:1)
  7 bats
  2 giant cockroaches
  8 goblins
  4 hobgoblins
  3 jackals (D:1)
  2 giant newts (D:1)
  A kobold (D:1)
  7 rats
41 creatures vanquished.

Notes
Turn   | Place    | Note
--------------------------------------------------------------
     0 | D:1      | TuxedoFelix the Minotaur Fighter began the quest for the Orb.
     0 | D:1      | Reached XP level 1. HP: 19/19 MP: 0/0
   123 | D:1      | Reached XP level 2. HP: 25/26 MP: 1/1
   447 | D:1      | Reached XP level 3. HP: 23/33 MP: 2/2
  1065 | D:2      | Noticed Ijyb
  1097 | D:2      | Killed Ijyb
  1097 | D:2      | Reached skill level 1 in Dodging
  1103 | D:2      | Found an opulent altar of Gozag.
  1112 | D:2      | Reached XP level 4. HP: 34/40 MP: 3/3
  1255 | D:2      | Noticed Sigmund
  1279 | D:2      | Slain by Sigmund

Skill      XL: |  1  2  3 |
---------------+----------+-----
Armour         | 4 |  4.5
Shields        | 4 |  4.4
Long Blades    | 3 |  3.2
Dodging        | 1 |  1.3
Fighting       | |  3.9

Action                   |  1- 3 |  4- 6 || total
-------------------------+-------+-------++-------
Melee: Long sword        |    94 |    26 ||   120
       Headbutt          |     6 |     3 ||     9
  Use: Potion            |       |     1 ||     1
  Eat: Chunk             |     1 |       ||     1
Armor: Scale mail        |    53 |     9 ||    62
Dodge: Dodged            |    29 |    12 ||    41
Block: Shield            |    46 |    17 ||    63
